 Dungeon Crawl Stone Soup version 0.19.1 (webtiles) character file.

102 XO4YCPATb the Twirler (level 4, -2/26 HPs)
             Began as a Tengu Gladiator on Dec 9, 2016.
             Succumbed to a gnoll's poison
             ... on level 2 of the Dungeon.
             The game lasted 00:03:04 (2067 turns).

XO4YCPATb the Twirler (Tengu Gladiator)             Turns: 2067, Time: 00:03:04

Health: -2/26      AC:  4    Str: 16    XL:     4   Next: 78%
Magic:  5/5        EV: 13    Int: 14    God:
Gold:   130        SH:  0    Dex: 14    Spells: 0 memorised, 3 levels left

rFire  . . .     SeeInvis .     k - +4 quarterstaff (chaos)
rCold  . . .     Gourm    .     b - +0 leather armour
rNeg   . . .     Faith    .     (shield currently unavailable)
rPois  .         Spirit   .     c - +0 hat
rElec  .         Reflect  .     s - +0 cloak
rCorr  +         Harm     .     (no gloves)
MR     .....                    (boots unavailable)
Stlth  +.........               (no amulet)
                                (no ring)
                                n - ring of resist corrosion

@: brilliant, lethally poisoned (-2 -> -41)
A: beak, talons 3
a: no special abilities


You were on level 2 of the Dungeon.
You were not hungry.

You visited 1 branch of the dungeon, and saw 3 of its levels.

You collected 130 gold pieces.

Inventory:

Hand Weapons
 k - a +4 quarterstaff of chaos (weapon)
Missiles
 d - 4 throwing nets (quivered)
Armour
 b - a +0 leather armour (worn)
 c - a +0 hat (worn)
 s - a +0 cloak (worn)
Jewellery
 n - a ring of resist corrosion (left hand)
Scrolls
 e - 2 scrolls of identify {unknown}
 h - a scroll of blinking {unknown}
 j - a scroll of teleportation {unknown}
 p - a scroll of fog {unknown}
 r - a scroll of remove curse {unknown}
Comestibles
 a - a chunk of flesh
 f - 2 bread rations
 i - a slice of pizza
 o - 2 meat rations
 q - 4 fruits


   Skills:
 - Level 2.0 Fighting
 + Level 5.9 Staves
 - Level 2.0 Throwing
 - Level 3.2 Dodging


You had 3 spell levels left.
You didn't know any spells.

Dungeon Overview and Level Annotations

Branches:
Dungeon (3/15)

Altars:
Gozag


Innate Abilities, Weirdness & Mutations

You have a beak for a mouth.
You have claws for feet.


Message History

You are more poisoned.
It was a potion of ambrosia.
You are confused.
You feel invigorated.
You feel sick.
The gnoll hits you with a spear of venom.
* * * LOW HITPOINT WARNING * * *
You feel sick.
The gnoll hits you with a spear of venom.
* * * LOW HITPOINT WARNING * * *
You are more poisoned.
You feel less invigorated.
You feel less confused.
* * * LOW HITPOINT WARNING * * *
You feel sick. The gnoll hits you but does no damage.
You are more poisoned.
You sock the gnoll!
There is a sudden explosion of sparks!
You kill the gnoll!
* * * LOW HITPOINT WARNING * * *
You feel very sick.
You die...

##.##.#..#.###.# #.##
###...#. #.##.#.#.##
#.# #.# #####.
#.##.#.### #.# #.# #.
#.##.#.######.### #.#
#. #.##.#..........#
#.# #.
#.##.########...####.#
#. ##.##.# #........#
#. .#.##.####
##.....#### #.
.#.......#
#..>@#.#############.
......##.#
#.#.##.....<)).......
########.#
#.#.#################
#.# #..).....#
######## #.#
#...####.# #....)..
#.## #...# #.#
#.###### #..# #...#
#.#####.##### ##.#
#...# #...........#
#.# #...#
#######.###.#


There were no monsters in sight!

Vanquished Creatures
  Crazy Yiuf (D:2)
  2 gnolls (D:2)
  An ooze (D:1)
  A worm (D:2)
  4 bats
  2 giant cockroaches
  8 hobgoblins
  12 kobolds
  A quokka (D:2)
  3 frilled lizards
  9 goblins
  5 rats
49 creatures vanquished.

Notes
Turn   | Place    | Note
-------+----------+-------------------------------------------
     0 | D:1      | XO4YCPATb the Tengu Gladiator began the quest for the Orb.
     0 | D:1      | Reached XP level 1. HP: 12/12 MP: 2/2
   169 | D:1      | Reached skill level 4 in Staves
   169 | D:1      | Reached XP level 2. HP: 6/17 MP: 3/3
   683 | D:1      | Reached XP level 3. HP: 20/21 MP: 4/4
  1392 | D:2      | Found an opulent altar of Gozag.
  1528 | D:2      | Reached skill level 5 in Staves
  1746 | D:2      | Found a runed door.
  1750 | D:2      | Noticed Crazy Yiuf
  1757 | D:2      | Killed Crazy Yiuf
  1757 | D:2      | Reached XP level 4. HP: 26/26 MP: 5/5
  2066 | D:2      | HP: 1/26 [poisoned by a gnoll]
  2067 | D:2      | Succumbed to a gnoll's poison

Skill      XL: |  1  2  3 |
---------------+----------+-----
Staves         | 4 5 |  5.9
Fighting       | |  2.0
Throwing       | |  2.0
Dodging        | |  3.2

Action                   |  1- 3 |  4- 6 || total
-------------------------+-------+-------++-------
Melee: Quarterstaff      |    95 |    14 ||   109
       Kick              |    23 |       ||    23
       Peck              |    10 |     2 ||    12
Throw: Throwing net      |     1 |       ||     1
  Use: Potion            |       |     3 ||     3
 Stab: Distracted        |     1 |       ||     1
       Held in net/web   |     2 |       ||     2
  Eat: Chunk             |     3 |     1 ||     4
Armor: Leather armour    |    13 |     4 ||    17
Dodge: Dodged            |    55 |    14 ||    69
